| TOP OF THE 1ST |
|
Minnesota Twins batting - Pitching for Chicago White Sox : LHP Felix Bernal
|
|
Pitching: LHP Felix Bernal
|
|
|
Batting: RHB Yonetoshi Muranaka
|
0-0: Ball 1-0: Called Strike 1-1: Called Strike 1-2: Fly out, F9 (Flyball, 89XD, EV 95.0 MPH)
|
|
Batting: RHB Jared McClernon
|
0-0: Ball 1-0: Swinging Strike 1-1: SINGLE (Line Drive, 34D, EV 95.6 MPH)
|
|
Batting: RHB Jesus Chavez
|
0-0: Ball 1-0: Ball 2-0: Ball 3-0: Called Strike 3-1: Foul Ball, location: 2F 3-2: Fly out, F9 (Flyball, 9, EV 78.1 MPH)
|
|
Batting: RHB José Molina
|
0-0: Ball 1-0: Ball 2-0: Called Strike 2-1: Ball 3-1: Fly out, F9 (Flyball, 89M, EV 97.5 MPH)
|
| Top of the 1st over - 0 runs, 1 hit, 0 errors, 1 left on base; Minnesota 0 - Chicago 0 |
| BOTTOM OF THE 1ST |
|
Chicago White Sox batting - Pitching for Minnesota Twins : LHP Billy Kline
|
|
Pitching: LHP Billy Kline
|
|
|
Batting: SHB Dan Lash
|
0-0: Ball 1-0: Ball 2-0: Called Strike 2-1: SINGLE (Line Drive, 56, EV 104.4 MPH)
|
|
Batting: RHB Steve Castleberry
|
0-0: Called Strike 0-1: Ball 1-1: SINGLE (Flyball, 9LS, EV 92.5 MPH) Dan Lash to second Runner from 2nd tries for 3rd, SAFE, throw by RF made to third
|
|
Batting: RHB Joseph Disepolo
|
0-0: Ball 1-0: Ball 2-0: Called Strike 2-1: Ball 3-1: Fly out, F7 (Flyball, 7S, EV 78.8 MPH)
|
|
Batting: RHB Rocky Campbell
|
0-0: Called Strike 0-1: Ball 1-1: Called Strike 1-2: SINGLE (Groundball, 4M, EV 97.5 MPH) Dan Lash scores Steve Castleberry to second
|
|
Batting: RHB Hiroshige Yamada
|
0-0: Ball 1-0: Called Strike 1-1: Ball 2-1: Ball 3-1: Called Strike 3-2: Foul Ball, location: 2F 3-2: Base on Balls Steve Castleberry to third Rocky Campbell to second
|
|
Batting: SHB Cesar Herrera
|
0-0: Called Strike 0-1: Fly out, F9 (Flyball, 9D, EV 90.0 MPH) Runner from 3rd tags up, SCORES, no throw by RF Rocky Campbell to third
|
|
Batting: RHB Leo Navarro
|
0-0: Called Strike 0-1: Ball 1-1: Swinging Strike 1-2: Foul Ball, location: 2F 1-2: Foul Ball, location: 2F 1-2: Strikes out swinging
|
| Bottom of the 1st over - 2 runs, 3 hits, 0 errors, 2 left on base; Minnesota 0 - Chicago 2 |
| TOP OF THE 2ND |
|
Minnesota Twins batting - Pitching for Chicago White Sox : LHP Felix Bernal
|
|
Batting: SHB Buster Hyman
|
0-0: Ball 1-0: Called Strike 1-1: Ball 2-1: Foul Ball, location: 2F 2-2: Strikes out looking
|
|
Batting: LHB Sadamu Noguchi
|
0-0: Called Strike 0-1: Ball 1-1: Called Strike 1-2: Strikes out swinging
|
|
Batting: RHB Väinö Tapaninen
|
0-0: Swinging Strike 0-1: Ball 1-1: Swinging Strike 1-2: Strikes out swinging
|
| Top of the 2nd over - 0 runs, 0 hits, 0 errors, 0 left on base; Minnesota 0 - Chicago 2 |
| BOTTOM OF THE 2ND |
|
Chicago White Sox batting - Pitching for Minnesota Twins : LHP Billy Kline
|
|
Batting: LHB Brian Feher
|
0-0: Called Strike 0-1: Ground out U3 (Groundball, 23, EV 86.9 MPH)
|
|
Batting: RHB Jason Moss
|
0-0: Called Strike 0-1: Ball 1-1: Ball 2-1: Foul Ball, location: 2F 2-2: Foul Ball, location: 2F 2-2: Strikes out swinging
|
|
Batting: SHB Dan Lash
|
0-0: Ball 1-0: Swinging Strike 1-1: Ball 2-1: Foul Ball, location: 2F 2-2: Ground out 5-3 (Groundball, 56S, EV 81.3 MPH)
|
| Bottom of the 2nd over - 0 runs, 0 hits, 0 errors, 0 left on base; Minnesota 0 - Chicago 2 |
| TOP OF THE 3RD |
|
Minnesota Twins batting - Pitching for Chicago White Sox : LHP Felix Bernal
|
|
Batting: RHB Vinny Luna
|
0-0: Ball 1-0: Called Strike 1-1: Ball 2-1: Fly out, F7 (Flyball, 7LS, EV 75.0 MPH)
|
|
Batting: RHB Brett Steele
|
0-0: Foul Ball, location: 2F 0-1: Foul Ball, location: 2F 0-2: Ball 1-2: Ball 2-2: Ground out 4-3 (Groundball, 4, EV 84.4 MPH)
|
|
Batting: RHB Yonetoshi Muranaka
|
0-0: Ball 1-0: Ball 2-0: Called Strike 2-1: Foul Ball, location: 2F 2-2: Foul Ball, location: 2F 2-2: Strikes out swinging
|
| Top of the 3rd over - 0 runs, 0 hits, 0 errors, 0 left on base; Minnesota 0 - Chicago 2 |
| BOTTOM OF THE 3RD |
|
Chicago White Sox batting - Pitching for Minnesota Twins : LHP Billy Kline
|
|
Batting: RHB Steve Castleberry
|
0-0: Ball 1-0: Called Strike 1-1: Called Strike 1-2: Ball 2-2: Ball 3-2: Foul Ball, location: 2F 3-2: Base on Balls
|
|
Batting: RHB Joseph Disepolo
|
0-0: Ball 1-0: Called Strike 1-1: Ball 2-1: Called Strike 2-2: Ball 3-2: SINGLE (Line Drive, 89M, EV 105.6 MPH) Steve Castleberry to second
|
|
Batting: RHB Rocky Campbell
|
0-0: Ball 1-0: Ball 2-0: Ball 3-0: Called Strike 3-1: Foul Ball, location: 2F 3-2: Base on Balls Steve Castleberry to third Joseph Disepolo to second
|
|
Batting: RHB Hiroshige Yamada
|
0-0: Ball 1-0: Called Strike 1-1: Ball 2-1: Swinging Strike 2-2: Ball 3-2: Strikes out looking
|
|
Batting: SHB Cesar Herrera
|
0-0: Ball 1-0: Swinging Strike 1-1: Foul Ball, location: 2F 1-2: Foul Ball, location: 2F 1-2: Fly out, F4 (Popup, 34D, EV 50.6 MPH)
|
|
Batting: RHB Leo Navarro
|
0-0: Fly out, F7 (Line Drive, 7, EV 85.0 MPH)
|
| Bottom of the 3rd over - 0 runs, 1 hit, 0 errors, 3 left on base; Minnesota 0 - Chicago 2 |
| TOP OF THE 4TH |
|
Minnesota Twins batting - Pitching for Chicago White Sox : LHP Felix Bernal
|
|
Batting: RHB Jared McClernon
|
0-0: Ground out 5-3 (Groundball, 5S, EV 70.6 MPH)
|
|
Batting: RHB Jesus Chavez
|
0-0: Ball 1-0: Called Strike 1-1: Foul Ball, location: 2F 1-2: Foul Ball, location: 2F 1-2: Ball 2-2: Strikes out swinging
|
|
Batting: RHB José Molina
|
0-0: Ball 1-0: Swinging Strike 1-1: Foul Ball, location: 2F 1-2: Ball 2-2: Foul Ball, location: 2F 2-2: Strikes out looking
|
| Top of the 4th over - 0 runs, 0 hits, 0 errors, 0 left on base; Minnesota 0 - Chicago 2 |
| BOTTOM OF THE 4TH |
|
Chicago White Sox batting - Pitching for Minnesota Twins : LHP Billy Kline
|
|
Batting: LHB Brian Feher
|
0-0: Ball 1-0: Foul Ball, location: 2F 1-1: Ball 2-1: Swinging Strike 2-2: Ball 3-2: SINGLE (Groundball, 56D, EV 100.0 MPH)
|
|
Batting: RHB Jason Moss
|
0-0: Foul Ball, location: 2F 0-1: Fly out, F8 (Flyball, 78D, EV 102.5 MPH)
|
|
Batting: SHB Dan Lash
|
0-0: Called Strike 0-1: Ball 1-1: Foul Ball, location: 2F 1-2: Foul Ball, location: 2F 1-2: Foul Ball, location: 2F 1-2: Ball 2-2: Ball 3-2: SINGLE (Line Drive, 78S, EV 110.6 MPH) Brian Feher to second Brian Feher to third
|
|
Batting: RHB Steve Castleberry
|
0-0: Swinging Strike 0-1: Grounds into double play, 4-6-3 (Groundball, 4, EV 103.1 MPH)
|
| Bottom of the 4th over - 0 runs, 2 hits, 0 errors, 1 left on base; Minnesota 0 - Chicago 2 |
| TOP OF THE 5TH |
|
Minnesota Twins batting - Pitching for Chicago White Sox : LHP Felix Bernal
|
|
Batting: SHB Buster Hyman
|
0-0: Called Strike 0-1: Foul Ball, location: 2F 0-2: Foul Ball, location: 2F 0-2: Ball 1-2: Strikes out swinging
|
|
Batting: LHB Sadamu Noguchi
|
0-0: Called Strike 0-1: Called Strike 0-2: Ball 1-2: Ball 2-2: Ball 3-2: Strikes out swinging
|
|
Batting: RHB Väinö Tapaninen
|
0-0: Called Strike 0-1: Swinging Strike 0-2: Strikes out looking
|
| Top of the 5th over - 0 runs, 0 hits, 0 errors, 0 left on base; Minnesota 0 - Chicago 2 |
| BOTTOM OF THE 5TH |
|
Chicago White Sox batting - Pitching for Minnesota Twins : LHP Billy Kline
|
|
Pitching: RHP Oscar Zuniga
|
|
|
Batting: RHB Joseph Disepolo
|
0-0: Ball 1-0: Foul Ball, location: 2F 1-1: Ball 2-1: Foul Ball, location: 2F 2-2: SOLO HOME RUN (Flyball, 8RXD, EV 115.6 MPH), Distance : 457 ft
|
|
Batting: RHB Rocky Campbell
|
0-0: Swinging Strike 0-1: Fly out, F8 (Flyball, 8RM, EV 84.4 MPH)
|
|
Batting: RHB Hiroshige Yamada
|
0-0: Fly out, F3 (Line Drive, 3, EV 61.3 MPH)
|
|
Batting: SHB Cesar Herrera
|
0-0: Ball 1-0: Called Strike 1-1: Foul Ball, location: 2F 1-2: Ball 2-2: Fly out, F8 (Flyball, 8LM, EV 90.0 MPH)
|
| Bottom of the 5th over - 1 run, 1 hit, 0 errors, 0 left on base; Minnesota 0 - Chicago 3 |
| TOP OF THE 6TH |
|
Minnesota Twins batting - Pitching for Chicago White Sox : LHP Felix Bernal
|
|
Batting: RHB Vinny Luna
|
0-0: Ball 1-0: Ball 2-0: Ball 3-0: Called Strike 3-1: Foul Ball, location: 2F 3-2: Fly out, F7 (Line Drive, 7, EV 109.4 MPH)
|
|
Batting: RHB Brett Steele
|
0-0: Ball 1-0: Ball 2-0: Foul Ball, location: 2F 2-1: Foul Ball, location: 2F 2-2: SINGLE (Groundball, 5, EV 100.0 MPH)
|
|
Batting: RHB Yonetoshi Muranaka
|
0-0: Called Strike Brett Steele is caught stealing 2nd base 2-4 0-1: Swinging Strike 0-2: Ball 1-2: Foul Ball, location: 2F 1-2: Strikes out swinging
|
| Top of the 6th over - 0 runs, 1 hit, 0 errors, 0 left on base; Minnesota 0 - Chicago 3 |
| BOTTOM OF THE 6TH |
|
Chicago White Sox batting - Pitching for Minnesota Twins : RHP Oscar Zuniga
|
|
Batting: RHB Leo Navarro
|
0-0: Ball 1-0: Called Strike 1-1: Ball 2-1: DOUBLE (Groundball, 5L, EV 103.1 MPH)
|
|
Batting: LHB Brian Feher
|
0-0: Called Strike 0-1: Ground out 5-3 (Groundball, 5, EV 88.1 MPH)
|
|
Batting: RHB Jason Moss
|
0-0: Called Strike 0-1: SINGLE (Line Drive, 4D, EV 103.8 MPH) Leo Navarro to third
|
|
Batting: SHB Dan Lash
|
0-0: Ball 1-0: Ball 2-0: Called Strike 2-1: Fly out, F8 (Line Drive, 8RD, EV 88.1 MPH) Runner from 3rd tags up, SCORES, throw by CF
|
|
Batting: RHB Steve Castleberry
|
0-0: Ball 1-0: Ground out 4-3 (Groundball, 4, EV 103.1 MPH)
|
| Bottom of the 6th over - 1 run, 2 hits, 0 errors, 1 left on base; Minnesota 0 - Chicago 4 |
| TOP OF THE 7TH |
|
Minnesota Twins batting - Pitching for Chicago White Sox : LHP Felix Bernal
|
|
Batting: RHB Jared McClernon
|
0-0: Called Strike 0-1: Ball 1-1: Ground out 6-3 (Groundball, 56, EV 98.1 MPH)
|
|
Batting: RHB Jesus Chavez
|
0-0: Ball 1-0: Ball 2-0: Ball 3-0: Called Strike 3-1: Swinging Strike 3-2: Fly out, F9 (Flyball, 9LD, EV 96.9 MPH)
|
|
Batting: RHB José Molina
|
0-0: Called Strike 0-1: Swinging Strike 0-2: Foul Ball, location: 2F 0-2: Ball 1-2: Strikes out looking
|
| Top of the 7th over - 0 runs, 0 hits, 0 errors, 0 left on base; Minnesota 0 - Chicago 4 |
| BOTTOM OF THE 7TH |
|
Chicago White Sox batting - Pitching for Minnesota Twins : RHP Oscar Zuniga
|
|
Pitching: RHP Tomas Vargas
|
|
|
Batting: RHB Joseph Disepolo
|
0-0: Ball 1-0: Called Strike 1-1: Foul Ball, location: 2F 1-2: Strikes out swinging
|
|
Batting: RHB Rocky Campbell
|
0-0: SOLO HOME RUN (Flyball, 7D, EV 94.4 MPH), Distance : 363 ft
|
|
Batting: RHB Hiroshige Yamada
|
0-0: Ball 1-0: Ball 2-0: Ball 3-0: Called Strike 3-1: Foul Ball, location: 2F 3-2: Base on Balls
|
|
Batting: SHB Cesar Herrera
|
0-0: Fly out, F9 (Flyball, 9, EV 92.5 MPH)
|
|
Batting: RHB Leo Navarro
|
0-0: Ball 1-0: Ball 2-0: Foul Ball, location: 2F 2-1: Swinging Strike 2-2: Strikes out swinging
|
| Bottom of the 7th over - 1 run, 1 hit, 0 errors, 1 left on base; Minnesota 0 - Chicago 5 |
| TOP OF THE 8TH |
|
Minnesota Twins batting - Pitching for Chicago White Sox : LHP Felix Bernal
|
|
Pitching: RHP Jeremy Fraraccio
|
|
|
Batting: SHB Buster Hyman
|
0-0: Ground out 6-3 (Groundball, 6, EV 103.8 MPH)
|
|
Batting: LHB Sadamu Noguchi
|
0-0: Called Strike 0-1: Ball 1-1: Foul Ball, location: 2F 1-2: Foul Ball, location: 2F 1-2: Foul Ball, location: 2F 1-2: Strikes out swinging
|
|
Batting: RHB Väinö Tapaninen
|
0-0: Foul Ball, location: 2F 0-1: Called Strike 0-2: Foul Ball, location: 2F 0-2: Foul Ball, location: 2F 0-2: SINGLE (Line Drive, 4D, EV 96.3 MPH)
|
|
Batting: RHB Vinny Luna
|
0-0: Fielders Choice at 2nd, 6-4 (Groundball, 6, EV 78.8 MPH)
|
| Top of the 8th over - 0 runs, 1 hit, 0 errors, 1 left on base; Minnesota 0 - Chicago 5 |
| BOTTOM OF THE 8TH |
|
Chicago White Sox batting - Pitching for Minnesota Twins : RHP Tomas Vargas
|
|
Batting: LHB Brian Feher
|
0-0: Foul Ball, location: 2F 0-1: Ball 1-1: SINGLE (Groundball, 6M, EV 97.5 MPH) (infield hit)
|
|
Pitching: RHP T.J. Hirst
|
|
|
Batting: RHB Jason Moss
|
0-0: Called Strike 0-1: Foul Ball, location: 2F 0-2: Foul Ball, location: 2F 0-2: 2-RUN HOME RUN (Flyball, 7D, EV 98.1 MPH), Distance : 373 ft
|
|
Batting: SHB Dan Lash
|
0-0: Called Strike 0-1: Ball 1-1: Swinging Strike 1-2: Ball 2-2: Ball 3-2: Strikes out swinging
|
|
Batting: RHB Steve Castleberry
|
0-0: Called Strike 0-1: SINGLE (Line Drive, 4MD, EV 103.8 MPH)
|
|
Pinch Hitting: LHB Antonio Figueroa
|
0-0: Ball 1-0: Ball 2-0: Called Strike 2-1: Hit by Pitch Steve Castleberry to second
|
|
Batting: RHB Rocky Campbell
|
0-0: Called Strike 0-1: Called Strike 0-2: Ball Passed Ball! Steve Castleberry to third Antonio Figueroa to second 1-2: Ball 2-2: Strikes out swinging
|
|
Batting: RHB Hiroshige Yamada
|
0-0: Ball 1-0: Hit by Pitch
|
|
Batting: SHB Cesar Herrera
|
0-0: Called Strike 0-1: Ball 1-1: Foul Ball, location: 2F 1-2: Ball 2-2: Ball 3-2: SINGLE (Groundball, 34S, EV 70.0 MPH) (infield hit) Steve Castleberry scores Antonio Figueroa to third Hiroshige Yamada to second
|
|
Batting: RHB Leo Navarro
|
0-0: Fly out, F7 (Flyball, 7D, EV 94.4 MPH)
|
| Bottom of the 8th over - 3 runs, 4 hits, 0 errors, 3 left on base; Minnesota 0 - Chicago 8 |
| TOP OF THE 9TH |
|
Minnesota Twins batting - Pitching for Chicago White Sox : RHP Jeremy Fraraccio
|
|
Now at SS: Antonio Figueroa
|
|
|
Pinch Hitting: LHB Joel Kunkler
|
0-0: Ball 1-0: Called Strike 1-1: Fly out, F7 (Flyball, 7LS, EV 84.4 MPH)
|
|
Batting: RHB Yonetoshi Muranaka
|
0-0: Called Strike 0-1: Ball 1-1: Swinging Strike 1-2: Foul Ball, location: 2F 1-2: Ball 2-2: Ball 3-2: Foul Ball, location: 2F 3-2: Foul Ball, location: 2F 3-2: Strikes out swinging
|
|
Batting: RHB Jared McClernon
|
0-0: Ball 1-0: Foul Ball, location: 2F 1-1: Ball 2-1: Ball 3-1: Foul Ball, location: 2F 3-2: Base on Balls
|
|
Batting: RHB Jesus Chavez
|
0-0: Ball 1-0: Called Strike 1-1: Swinging Strike 1-2: Strikes out swinging
|
| Top of the 9th over - 0 runs, 0 hits, 0 errors, 1 left on base; Minnesota 0 - Chicago 8 |
|